 Dungeon Crawl Stone Soup version 0.23-a0-143-g1adec7b (webtiles) character file.

30 Amnesiac the Insei (level 3, -1/29 HPs)
             Began as a Mummy Monk on Sept 3, 2018.
             Slain by an adder (4 damage)
             ... on level 2 of the Dungeon.
             The game lasted 00:01:21 (1927 turns).

Amnesiac the Insei (Mummy Monk)                     Turns: 1927, Time: 00:01:22

Health: -1/29      AC:  0    Str: 14    XL:     3   Next: 5%
Magic:  3/3        EV: 13    Int:  9    God:
Gold:   108        SH:  0    Dex: 15    Spells: 2/2 levels left

rFire    x . .     SeeInvis .     - Unarmed
rCold    + . .     Gourm    .   (no shield)
rNeg     + + +     Faith    .   (no armour)
rPois    ∞         Spirit   .   (no helmet)
rElec    .         Reflect  .   (no cloak)
rCorr    .         Harm     .   (no gloves)
MR       .....                  (no boots)
Stlth    ++........             (no amulet)
HPRegen  0.09/turn              (no ring)
MPRegen  0.08/turn              (no ring)

@: no status effects
A: no food or potions, fire vulnerability, cold resistance 1, negative energy
resistance 3, torment resistance, unbreathing
a: no special abilities


You were on level 2 of the Dungeon.
You were not hungry.

You visited 1 branch of the dungeon, and saw 2 of its levels.

You collected 108 gold pieces.

Inventory:

Jewellery
 c - a cursed ring of attention {unknown}
Scrolls
 a - 2 scrolls of teleportation {!r, unknown}
 b - 2 scrolls of identify {!r, unknown}
 d - a scroll of magic mapping {!r, unknown}
 e - 2 scrolls of remove curse {!r, unknown}


   Skills:
 - Level 3.0 Fighting
 - Level 2.4 Dodging
 - Level 1.5 Stealth
 + Level 3.5 Unarmed Combat


You had 2 spell levels left.
You didn't know any spells.
Your spell library was empty.

Dungeon Overview and Level Annotations

Branches:
Dungeon (2/15)

Altars:
Xom


Innate Abilities, Weirdness & Mutations

You do not eat or drink.
Your flesh is vulnerable to fire.
You are immune to poison.
Your flesh is cold resistant. (rC+)
You are immune to negative energy. (rN+++)
You are immune to unholy pain and torment.
You can survive without breathing.


Message History

The bat is severely wounded.
The bat hits you. The bat misses you. The bat hits you. The bat hits you.
You see here a metallic cyan potion {!q}.
The bat hits you.
An adder comes into view.
The bat hits you.
You barely miss the bat.
The bat is severely wounded.
The adder hisses angrily.
The bat hits you.
You barely miss the adder. The adder bites you.
You hit the bat.
You kill the bat!
The adder barely misses you.
You miss the adder. The adder barely misses you.
You hit the adder but do no damage. The adder closely misses you.
The adder misses you.
You completely miss the adder. The adder bites you.
You miss the adder. The adder closely misses you.
You miss the adder. The adder closely misses you.
You closely miss the adder. The adder bites you.
* * * LOW HITPOINT WARNING * * *
You hit the adder but do no damage. The adder misses you.
The adder barely misses you.
You hit the adder but do no damage. The adder barely misses you.
You closely miss the adder. The adder barely misses you.
You barely miss the adder. The adder bites you.
* * * LOW HITPOINT WARNING * * *
The adder bites you.
* * * LOW HITPOINT WARNING * * *
You are too injured to fight recklessly!
You are too injured to fight recklessly!
You are too injured to fight recklessly!
You are too injured to fight recklessly!
You are too injured to fight recklessly!
You miss the adder. The adder closely misses you.
You hit the adder.
The adder is lightly wounded.
The adder closely misses you.
You closely miss the adder.
The adder is lightly wounded.
The adder barely misses you.
You hit the adder.
The adder is heavily wounded.
The adder completely misses you.
You hit the adder.
The adder is heavily wounded.
The adder bites you.
* * * LOW HITPOINT WARNING * * *
The adder completely misses you.
You closely miss the adder.
The adder is heavily wounded.
The adder closely misses you.
You completely miss the adder.
The adder is heavily wounded.
The adder bites you.
* * * LOW HITPOINT WARNING * * *
You hit the adder but do no damage.
The adder is heavily wounded.
The adder bites you.
You die...

##+# ##...# #.....#
## .......## ##.##
........# #...##
........+ ....?#
......S@####...#
.......#.!....# #
#.....##.###.## ..#
##...# #.# #.# #...#
##+# #.###.#......
#.# #.#..........
####.####.#.#.#......
#.......#.#.#.###...#
#.#.#.#.#.#.#.# ..#


You could see an adder.

Vanquished Creatures
  An ooze (D:2)
  2 ball pythons
  A giant cockroach (D:1)
  3 goblins (D:1)
  4 hobgoblins (D:1)
  3 bats
  3 frilled lizards
  5 kobolds (D:1)
  4 rats
26 creatures vanquished.

Notes
Turn   | Place    | Note
-------+----------+-------------------------------------------
     0 | D:1      | Amnesiac the Mummy Monk began the quest for the Orb.
     0 | D:1      | Reached XP level 1. HP: 18/18 MP: 1/1
   194 | D:1      | Found a shimmering altar of Xom.
   649 | D:1      | Reached XP level 2. HP: 14/24 MP: 2/2
  1735 | D:2      | Reached XP level 3. HP: 17/29 MP: 3/3
  1927 | D:2      | Slain by an adder

Vault maps used:
D:1:      dpeg_arrival_water_altar, serial_glass, glass_columns_a,
          glass_columns_a, glass_columns_b, due_unseen_surprise,
          xom_teletrap_fun
D:2:      nicolae_ru_sacrificial_ziggurat

Skill      XL: |  1  2 |
---------------+-------+-----
Unarmed Combat | 3 |  3.5
Fighting       | |  3.0
Dodging        | |  2.4
Stealth        | |  1.5

Action                   || total
-------------------------++-------
Melee: Unarmed           ||   116
 Stab: Sleeping          ||     2
Armor: Robe              ||     2
Dodge: Dodged            ||    76

Table legend:
 A = Non-vault XP
 B = Vault XP
 C = Vault XP percentage of total XP
 D = Non-vault monster count
 E = Vault monster count
 F = Vault count percentage of total count
                 A         B        C        D         E       F
            +---------+---------+-------+---------+---------+-------
      Total |      44 |       0 |   0.0 |      26 |       0 |   0.0
            +---------+---------+-------+---------+---------+-------
        D:1 |      31 |       0 |   0.0 |      20 |       0 |   0.0
        D:2 |      13 |       0 |   0.0 |       6 |       0 |   0.0
            +---------+---------+-------+---------+---------+-------
